 Dungeon Crawl Stone Soup version 0.31-a0-354-g827e0957a7 (webtiles) character file.

Game seed: 18037426622397004351

2950 PyroL the Fighter (level 9, -6/78 HPs)
             Began as a Demonspawn Necromancer on July 24, 2023.
             Was a Follower of Kikubaaqudgha.
             Mangled by a vampire mosquito (9 damage)
             ... on level 7 of the Dungeon.
             The game lasted 00:17:28 (9641 turns).

PyroL the Fighter (Demonspawn Necromancer)          Turns: 9641, Time: 00:17:30

Health: -6/78      AC:  4    Str:  9    XL:     9   Next: 51%
Magic:  13/13      EV: 11    Int: 20    God:    Kikubaaqudgha [*.....]
Gold:   368        SH:  7    Dex: 14    Spells: 6/14 levels left

rFire   . . .        z - +2 dagger (flame)
rCold   . . .        f - +2 buckler
rNeg    + . .        a - +0 robe
rPois   .            y - +0 helmet
rElec   .            (no cloak)
rCorr   .            w - +0 pair of gloves
SInv    .            (no boots)
Will    .....        (no amulet)
Stlth   ++           g - ring of wizardry
HPRegen 0.33/turn    p - ring of positive energy
MPRegen 0.13/turn

%: wizardry (x1)
@: no status effects
A: ignite blood 2, sturdy frame 2
a: Renounce Religion, Unearth Wretches


You were on level 7 of the Dungeon.
You worshipped Kikubaaqudgha.
Kikubaaqudgha was aware of your devotion.
You visited 1 branch of the dungeon, and saw 7 of its levels.

You collected 368 gold pieces.

Inventory:

Hand Weapons
 z - a +2 dagger of flaming (weapon)
Missiles
 e - 27 poisoned darts
 o - 6 curare-tipped darts
Armour
 a - a +0 robe (worn)
 f - a +2 buckler (worn)
 w - a +0 pair of gloves (worn)
 y - a +0 helmet (worn)
Magical Staves
 i - a staff of conjuration
Jewellery
 g - a ring of wizardry (left hand)
 p - a ring of positive energy (right hand)
 r - a ring of see invisible
 v - a ring of willpower
Wands
 A - a wand of paralysis (7)
Scrolls
 d - 2 scrolls of vulnerability {unknown}
 h - a scroll of amnesia
 j - 2 scrolls of enchant armour {unknown}
 k - 4 scrolls of teleportation
 l - a scroll of revelation
 q - a scroll of fear
 u - 2 scrolls of brand weapon {unknown}
 x - a scroll of fog {unknown}
 B - 3 scrolls of identify
 C - a scroll of noise {unknown}
 D - a scroll of silence {unknown}
 E - a scroll of blinking {unknown}
Potions
 b - a potion of magic
 c - a potion of invisibility {unknown}
 m - a potion of mutation
 n - 2 potions of heal wounds
 s - 5 potions of haste
 t - 2 potions of curing {unknown}
 F - a potion of degeneration {unknown}


   Skills:
 - Level 10.0 Fighting
 - Level 1.7 Dodging
 - Level 1.7 Stealth
 - Level 5.0 Shields
 - Level 3.0 Spellcasting
 + Level 8.1 Necromancy


You had 6 spell levels left.
You knew the following spells:

 Your Spells              Type           Power      Damage    Failure   Level
a - Necrotise             Necr           100%       1d9       1%          1
b - Vampiric Draining     Necr           35%        2d8       1%          3
c - Animate Dead          Necr           35%        N/A       3%          4

Your spell library contained the following spells:

 Spells                   Type           Power      Damage    Failure   Level
 Sublimation of Blood     Necr           35%        N/A       1%          2
 Freeze                   Ice            12%        1d3       9%          1
 Agony                    Necr           35%        N/A       9%          5
 Blink                    Tloc           6%         N/A       12%         2
 Ensorcelled Hibernation  Hex/Ice        6%         N/A       12%         2
 Lesser Beckoning         Tloc           6%         N/A       12%         2
 Momentum Strike          Conj/Tloc      6%         3d8       12%         2
 Passwall                 Tmut/Erth      2%         N/A       12%         2
 Frozen Ramparts          Ice            6%         1d1       24%         3
 Hailstorm                Conj/Ice       3%         3d3       24%         3
 Swiftness                Air            3%         N/A       24%         3


Dungeon Overview and Level Annotations

Branches:
Dungeon (7/15)             Temple (0/1) D:4

Altars:
Gozag
Kikubaaqudgha
Nemelex Xobeh
Qazlal
Ru
Sif Muna
Vehumet

Shops:
D:3 =[


Innate Abilities, Weirdness & Mutations

Your demonic aura often causes spilled blood to erupt in flames.
Your movements are less encumbered by armour. (ER -4)


Message History

You hit the vampire mosquito but do no damage.
The vampire mosquito is severely damaged.
The vampire mosquito bites you.
* * * LOW HITPOINT WARNING * * *
The vampire mosquito draws strength from your injuries!
The vampire mosquito barely misses you.
You miss the vampire mosquito.
The vampire mosquito is severely damaged.
The vampire mosquito bites you but does no damage.
The vampire mosquito barely misses you.
You barely miss the vampire mosquito.
The vampire mosquito is severely damaged.
You block the vampire mosquito's attack.
The vampire mosquito bites you but does no damage.
The vampire mosquito bites you.
* * * LOW HITPOINT WARNING * * *
The vampire mosquito barely misses you.
You hit the vampire mosquito. You burn the vampire mosquito.
The vampire mosquito is almost destroyed.
The vampire mosquito bites you!
* * * LOW HITPOINT WARNING * * *
The vampire mosquito draws strength from your injuries!
The vampire mosquito closely misses you. x2
You block the vampire mosquito's attack.
You barely miss the vampire mosquito.
The vampire mosquito is severely damaged.
You block the vampire mosquito's attack.
The vampire mosquito barely misses you.
You block the vampire mosquito's attack.
The vampire mosquito bites you.
* * * LOW HITPOINT WARNING * * *
You hit the vampire mosquito. You burn the vampire mosquito.
The vampire mosquito is almost destroyed.
You block the vampire mosquito's attack.
The vampire mosquito bites you!
* * * LOW HITPOINT WARNING * * *
The vampire mosquito draws strength from your injuries!
The vampire mosquito bites you!
You die...
Kikubaaqudgha rasps: "You have failed me!
Welcome... death!"

#. # #. #. #. ##.# ###
#. #...# ..# #. .....#
####.# ## ......#
##.##.#
......§####...#.########
......)@y†..............
......y####...#.#######.
......# #.......# #.
.....# #.###.#.# #.
#...# #.# ..#.# #. ##.#
#.# ### # #. #. #.. #. #
### #. #.


You could see 2 vampire mosquitoes.

Vanquished Creatures
  A vampire mosquito (D:7)
  A water moccasin (D:7)
  2 orc warriors
  5 black bears
  2 ice beasts
  2 ogres
  2 phantoms (D:4)
  A gnoll sergeant (D:5)
  2 bullfrogs
  2 scorpions (D:6)
  A wight (D:4)
  A howler monkey (D:7)
  A black bear zombie (D:6)
  5 hounds
  2 gnoll boudas
  4 iguanas (D:5)
  3 sleepcaps
  4 orc wizards
  A scorpion zombie (D:6)
  14 gnolls
  9 adders
  4 shadow imps
  A white imp (D:6)
  4 ufetubi
  3 worms
  2 dart slugs
  9 orcs
  3 bats (D:1)
  2 endoplasms
  A giant cockroach (D:1)
  3 goblins
  3 hobgoblins
  3 jackals (D:3)
  2 quokkas (D:1)
  4 ball pythons
  2 frilled lizards
  11 kobolds
  2 orc zombies (D:6)
  3 rats
127 creatures vanquished.

Vanquished Creatures (collateral kills)
  Prince Ribbit (D:7)
  A centaur (D:5)
  A jelly (D:7)
  2 gnolls
  An ufetubus (D:6)
  A dart slug (D:1)
  A goblin (D:1)
  A jackal (D:3)
  2 rats (D:1)
11 creatures vanquished.

Vanquished Creatures (others)
  A human zombie (D:7)
  A howler monkey zombie (D:7)
  A gnoll zombie (D:6)
  An orc zombie (D:5)
4 creatures vanquished.

Grand Total: 142 creatures vanquished

Notes
Turn   | Place    | Note
-------+----------+-------------------------------------------
     0 | D:1      | PyroL the Demonspawn Necromancer began the quest for the
                  | Orb.
     0 | D:1      | Reached XP level 1. HP: 13/13 MP: 3/3
   162 | D:1      | Gained mutation: Your movements are slightly less
                  | encumbered by armour. (ER -2) [demonic ancestry]
   162 | D:1      | Reached XP level 2. HP: 9/19 MP: 0/5
   216 | D:1      | Reached skill level 5 in Necromancy
   895 | D:1      | Gained mutation: Your demonic aura sometimes causes spilled
                  | blood to erupt in flames. [demonic ancestry]
   895 | D:1      | Reached XP level 3. HP: 21/24 MP: 6/6
  1561 | D:3      | Found an opulent altar of Gozag.
  1575 | D:3      | Reached skill level 1 in Shields
  1680 | D:3      | Found Ruahiz's One-of-a-Kind Rings.
  1739 | D:3      | Found a sparkling altar of Nemelex Xobeh.
  1797 | D:3      | Reached XP level 4. HP: 17/30 MP: 3/7
  1955 | D:3      | Learned a level 3 spell: Vampiric Draining
  2397 | D:3      | Found a stormy altar of Qazlal.
  2514 | D:3      | Found Tusmoirch's Antique Armour Shop.
  2731 | D:3      | Found a shimmering blue altar of Sif Muna.
  2756 | D:3      | Found an ancient bone altar of Kikubaaqudgha.
  2772 | D:3      | Became a worshipper of Kikubaaqudgha
  2819 | D:3      | Found a radiant altar of Vehumet.
  2828 | D:3      | Reached XP level 5. HP: 27/35 MP: 5/8
  2896 | D:4      | Noticed a phantom
  2947 | D:4      | Found a staircase to the Ecumenical Temple.
  3823 | D:5      | Entered Level 5 of the Dungeon
  3910 | D:5      | Found a sacrificial altar of Ru.
  3916 | D:5      | Reached XP level 6. HP: 41/41 MP: 6/9
  4311 | D:5      | Reached skill level 5 in Shields
  4311 | D:5      | Gained mutation: Your movements are less encumbered by
                  | armour. (ER -4) [demonic ancestry]
  4311 | D:5      | Reached XP level 7. HP: 40/46 MP: 0/10
  4489 | D:5      | Reached skill level 1 in Fighting
  4858 | D:5      | Reached skill level 2 in Fighting
  5151 | D:4      | Reached skill level 3 in Fighting
  5563 | D:5      | Reached skill level 4 in Fighting
  5654 | D:5      | Gained mutation: Your demonic aura often causes spilled
                  | blood to erupt in flames. [demonic ancestry]
  5654 | D:5      | Reached XP level 8. HP: 61/61 MP: 2/12
  5673 | D:5      | Reached skill level 5 in Fighting
  6198 | D:5      | Reached skill level 6 in Fighting
  6606 | D:5      | Reached * piety under Kikubaaqudgha
  6606 | D:5      | Received a gift from Kikubaaqudgha
  6612 | D:5      | Learned a level 4 spell: Animate Dead
  6702 | D:5      | Reached skill level 7 in Fighting
  7201 | D:6      | Reached skill level 8 in Fighting
  7518 | D:6      | Reached XP level 9. HP: 75/75 MP: 3/13
  7976 | D:6      | Reached skill level 9 in Fighting
  9165 | D:7      | Noticed Prince Ribbit
  9193 | D:7      | HP: 2/77 [Prince Ribbit (8)]
  9194 | D:7      | Killed Prince Ribbit
  9619 | D:7      | Your ally Prince Ribbit died
  9626 | D:7      | Reached skill level 10 in Fighting
  9641 | D:7      | HP: 3/78 [vampire mosquito (9)]
  9641 | D:7      | Mangled by a vampire mosquito

Illustrated notes

Levels and vault maps discovered:
D:1:      nicolae_arrival_washed_ashore, layout_basic, minmay_surrounded
D:2:      layout_loops_cross
D:3:      layout_basic, palyth_temple_overflow_mages,
          nemelex_spade_bored_becter, grunt_gozag_statues, grunt_qazlal_clouds,
          serial_shops, shop, nicolae_shop_unique_rings
D:4:      layout_loops_ring, zin_treasury, minmay_temple_entry_mist,
          grunt_ministairs_3
D:5:      minmay_clustersquares, layout_gridville,
          mainiacjoe_overflow_six_doors_small, serial_rivers,
          chequers_serial_rivers_large_b, chequers_serial_rivers_micro_c,
          chequers_serial_rivers_micro_a, chequers_serial_rivers_small_b,
          moated_statue
D:6:      minmay_general_purpose_star, layout_layer_cave
D:7:      layout_loops_corners, uniq_prince_ribbit1

Skill      XL: |  1  2  3  4  5  6  7  8  9 |
---------------+----------------------------+-----
Necromancy     | 5 6 7 8 |  8.1
Shields        | 1 2 3 5 |  5.0
Fighting       | 4 8 10 | 10.0
Spellcasting   | 3 |  3.0
Dodging        | |  1.7
Stealth        | |  1.7

Action                     |  1- 3 |  4- 6 |  7- 9 || total
---------------------------+-------+-------+-------++-------
  Melee: Dagger            |    48 |    78 |   306 ||   432
         Unarmed           |     5 |       |       ||     5
   Cast: Necrotise         |    35 |    53 |    80 ||   168
         Vampiric Draining |       |     5 |    35 ||    40
         Animate Dead      |       |       |     6 ||     6
    Use: Scroll            |       |     5 |     2 ||     7
         Potion            |       |       |     1 ||     1
   Stab: Sleeping          |     2 |     1 |       ||     3
         Distracted        |       |       |     2 ||     2
 Armour: Robe              |    15 |    12 |    61 ||    88
  Dodge: Dodged            |    31 |    47 |   202 ||   280
  Block: Buckler           |    10 |    21 |   171 ||   202

Table legend: (Time is in decaauts)
 A = Elapsed time spent in this place.
 B = Non-inter-level travel time spent in this place.
 C = Inter-level travel time spent in this place.
 D = Time resting spent in this place.
 E = Time spent auto-exploring this place.
 F = Levels seen in this place.
 G = Mean time per level.
                   A        B        C        D        E       F      G
               +--------+--------+--------+--------+--------+-----+--------+
         Total |   9708 |   9408 |    300 |   1426 |   6384 |   7 | 1386.9 |
       Dungeon |   9708 |   9408 |    300 |   1426 |   6384 |   7 | 1386.9 |
               +--------+--------+--------+--------+--------+-----+--------+

Top non-repeatable levels by time:
     D:5: 2432 daAuts
     D:6: 2105 daAuts
     D:4: 1520 daAuts
     D:3: 1502 daAuts
     D:1: 962 daAuts
     D:2: 598 daAuts
     D:7: 587 daAuts
